 Dungeon Crawl Stone Soup version 0.28.0-53-g5a82cb258f (webtiles) character file.

Game seed: 16475961696774157336

135 Peloso the Covered (level 4, 0/61 HPs)
             Began as a Minotaur Fighter on Aug 10, 2022.
             Succumbed to an adder's poison
             ... in a sewer.
             The game lasted 00:03:57 (2261 turns).

Peloso the Covered (Minotaur Fighter)               Turns: 2261, Time: 00:03:57

Health: 0/61       AC:  7    Str: 20    XL:     4   Next: 97%
Magic:  3/3        EV:  9    Int:  5    God:
Gold:   183        SH:  5    Dex: 12    Spells: 3/3 levels left

rFire   . . .      SeeInvis .   a - +0 long sword
rCold   . . .      Faith    .   c - +0 buckler
rNeg    . . .      Spirit   .   b - +0 scale mail
rPois   .          Reflect  .   (helmet restricted)
rElec   .          Harm     .   (no cloak)
rCorr   .          Rampage  .   (no gloves)
Will    .....                   (no boots)
Stlth   ..........              (no amulet)
HPRegen 0.20/turn               (no ring)
MPRegen 0.08/turn               (no ring)

@: berserking, lethally poisoned (0 -> -3), very quick
A: horns 2, retaliatory headbutt
a: no special abilities


You were in a sewer.
You visited 1 branch of the dungeon, and saw 4 of its levels.
You also visited: Sewer.

You collected 183 gold pieces.

Inventory:

Hand Weapons
 a - a +0 long sword (weapon)
Armour
 b - a +0 scale mail (worn)
 c - a +0 buckler (worn)
Jewellery
 f - a ring of protection from cold
 j - a ring of resist corrosion
Scrolls
 e - a scroll of blinking
Potions
 d - a potion of might
 g - a potion of cancellation {unknown}
 h - a potion of magic
 i - a potion of berserk rage
 k - 2 potions of resistance {unknown}
 l - a potion of curing {unknown}


   Skills:
 + Level 4.4 Fighting
 + Level 3.6 Long Blades
 + Level 5.0 Armour
 + Level 0.3 Dodging
 + Level 0.1 Stealth
 + Level 4.4 Shields


You had 3 spell levels left.
You didn't know any spells.
Your spell library contained the following spells:

 Spells                   Type           Power      Damage    Failure   Level
 Gell's Gravitas          Tloc           0%         N/A       99%         3
 Lesser Beckoning         Tloc           0%         N/A       99%         3
 Teleport Other           Tloc           0%         N/A       99%         3


Dungeon Overview and Level Annotations

Branches:
Dungeon (4/15)              Sewer (1/1)
 Temple: D:4-7

Altars:

Annotations:
D:4 1 runed translucent door, fluff's ghost, amateur GrFi


Innate Abilities, Weirdness & Mutations

You have a pair of horns on your head.
You reflexively headbutt those who attack you in melee.


Message History

You closely miss the river rat.
You feel sick. The river rat bites you! The adder bites you but does no damage.
You hit the river rat but do no damage.
You headbutt the river rat, but do no damage.
You feel sick. The adder barely misses you. The adder bites you.
You are more poisoned.
The adder poisons you!
The river rat bites you but does no damage.
You hit the rat.
You kill the rat!
You feel sick. The adder barely misses you. The river rat bites you!
You feel sick. The adder bites you but does no damage.
You block the river rat's attack. The adder bites you but does no damage.
You see here a rat corpse.
You barely miss the adder.
You feel sick. The adder closely misses you. The river rat closely misses you.
You barely miss the adder. You headbutt the adder.
The adder is lightly wounded.
You feel sick. The adder bites you.
* * * LOW HITPOINT WARNING * * *
The river rat barely misses you. The adder bites you.
* * * LOW HITPOINT WARNING * * *
You are more poisoned.
The adder poisons you! The river rat bites you.
* * * LOW HITPOINT WARNING * * *
It was a potion of berserk rage.
A red film seems to cover your vision as you go berserk!
You feel yourself moving faster!
You feel mighty!
You feel sick. The adder bites you.
* * * LOW HITPOINT WARNING * * *
The river rat barely misses you. The adder barely misses you.
You are too berserk!
You miss the adder.
The adder is lightly wounded.
* * * LOW HITPOINT WARNING * * *
You feel sick. The adder bites you but does no damage.
Unknown command.
You slash the adder!
The adder is almost dead.
You die...

### ≈≈#### .≈.≈##
....# ..≈# #..#
#@S# #.r#
###########.≈#
#...≈≈.....≈≈#
#≈.......≈≈.≈#
#..###########
#≈.# ####### #..#
#≈≈≈≈≈#
#.≈#########≈.∩.≈#


You could see an adder and a river rat.

Vanquished Creatures
  A bullfrog skeleton (D:4)
  2 river rats (D:4)
  An adder (D:2)
  An adder skeleton (D:4)
  3 worms
  3 dart slugs
  2 orcs (D:3)
  6 endoplasms
  A giant cockroach (D:1)
  6 goblins
  6 hobgoblins
  2 jackals (D:1)
  3 quokkas
  6 ball pythons
  A bat (D:1)
  2 frilled lizards
  8 kobolds
  5 rats
59 creatures vanquished.

Vanquished Creatures (others)
  2 fungi (D:1)
  A plant (D:1)
3 creatures vanquished.

Grand Total: 62 creatures vanquished

Notes
Turn   | Place    | Note
-------+----------+-------------------------------------------
     0 | D:1      | Peloso the Minotaur Fighter began the quest for the Orb.
     0 | D:1      | Reached XP level 1. HP: 19/19 MP: 0/0
    94 | D:1      | Reached skill level 4 in Armour
    96 | D:1      | Reached XP level 2. HP: 27/27 MP: 1/1
   120 | D:1      | Found a faded altar of an unknown god.
   497 | D:1      | Reached XP level 3. HP: 33/33 MP: 2/2
  1776 | D:3      | Reached XP level 4. HP: 40/40 MP: 3/3
  2069 | D:4      | Found a runed translucent door.
  2089 | D:4      | Noticed fluff's ghost (amateur GrFi)
  2148 | D:4      | Reached skill level 5 in Armour
  2181 | D:4      | Found a glowing drain.
  2185 | Sewer    | Entered a sewer
  2259 | Sewer    | HP: 2/61 [adder (4)]
  2261 | Sewer    | Succumbed to an adder's poison

Illustrated notes

Levels and vault maps discovered:
D:1:      minmay_arrival_five_plusses, layout_loops_ring,
          shapermc_ecumenical_altar_mp_urbaneastern, serial_glass,
          glass_columns_b, glass_columns_c
D:2:      layout_basic
D:3:      layout_basic
D:4:      layout_gridville, marbit_many_paths, ebering_ghost_sewer_f,
          gup_sewer_entry_spiral, uniq_natasha, uniq_eustachio
Sewer:    sewer_hellmonk_slimy_pipes

Skill      XL: |  1  2  3  4 |
---------------+-------------+-----
Armour         | 4 5 |  5.0
Fighting       | 4 |  4.4
Shields        | 4 |  4.4
Long Blades    | 3 |  3.6
Dodging        | |  0.3
Stealth        | |  0.1

Action                   |  1- 3 |  4- 6 || total
-------------------------+-------+-------++-------
Melee: Long sword        |    71 |    40 ||   111
       Headbutt          |    13 |    10 ||    23
  Use: Scroll            |     3 |       ||     3
       Potion            |       |     1 ||     1
Armor: Scale mail        |    26 |    15 ||    41
Dodge: Dodged            |    35 |    18 ||    53
Block: Buckler           |    18 |     4 ||    22
